 Dungeon Crawl Stone Soup version 0.29.1-15-g9cfb28693d (webtiles) character file.

Game seed: 14625749399890632702

75927 fortdeath9 the Stickfighter (level 15, -5/141 HPs)
             Began as a Black Draconian Berserker on Apr 15, 2023.
             Was a High Priest of Trog.
             Killed from afar by a deep elf pyromancer (45 damage)
             ... with a bolt of fire
             ... on level 2 of the Elven Halls.
             The game lasted 02:00:52 (17300 turns).

fortdeath9 the Stickfighter (DrBe)                 Turns: 17300, Time: 02:01:00

Health: -5/141     AC: 21    Str: 23    XL:     15   Next: 11%
Magic:  0/15       EV: 20    Int:  6    God:    Trog [*****.]
Gold:   2328       SH:  0    Dex: 18    Spells: 14/14 levels left

rFire   x . .      SeeInvis +   p - +3 lajatang (spect)
rCold   + . .      Faith    .   (shield currently unavailable)
rNeg    . . .      Spirit   +   (body armour unavailable)
rPois   .          Reflect  .   E - +2 hat
rElec   +          Harm     .   l - +2 cloak {Stlth+}
rCorr   .          Rampage  .   F - +2 pair of gloves
Will    +....      Clarity  +   (no boots)
Stlth   +++++.....              g - amulet of guardian spirit
HPRegen 0.33/turn               v - +4 ring of protection
MPRegen 0.14/turn               a - ring of ice

@: short of breath, flying
A: breathe lightning, AC +9, unfitting armour, big wings, electricity
resistance, cold-blooded, see invisible, agile 1, clarity
a: Breathe Lightning, Renounce Religion, Berserk, Trog's Hand, Brothers in Arms


You were on level 2 of the Elven Halls.
You worshipped Trog.
Trog was extremely pleased with you.
You visited 4 branches of the dungeon, and saw 15 of its levels.
You also visited: Bailey.

You collected 3146 gold pieces.
You spent 818 gold pieces at shops.

Inventory:

Hand Weapons
 d - a +5 quarterstaff of chaos
 p - a +3 spectral lajatang (weapon)
Missiles
 c - 54 stones (quivered)
Armour
 l - a +2 cloak of stealth (worn)
 E - a +2 hat (worn)
 F - a +2 pair of gloves (worn)
Jewellery
 a - a ring of ice (right hand)
 g - an amulet of guardian spirit (around neck)
 s - an amulet of the acrobat
 v - a +4 ring of protection (left hand)
 G - a +6 ring of dexterity
Scrolls
 b - a scroll of magic mapping
 e - a scroll of immolation
 f - 3 scrolls of identify
 j - 6 scrolls of butterflies
 k - 5 scrolls of noise
 m - 3 scrolls of fear
 r - 7 scrolls of teleportation
 u - 3 scrolls of amnesia
 A - a scroll of torment
 I - a scroll of silence
Potions
 h - a potion of invisibility
 i - 2 potions of magic
 o - 2 potions of cancellation
 q - 3 potions of flight
 t - 3 potions of might
 x - 5 potions of lignification
 z - 3 potions of attraction
 B - 5 potions of curing
 H - a potion of resistance
Miscellaneous
 n - a piece from Xom's chessboard (15/15)


   Skills:
 + Level 15.1 Fighting
 + Level 5.5 Long Blades
 + Level 16.6 Staves
 + Level 2.9 Throwing
 + Level 12.1 Dodging
 + Level 9.3 Stealth


You had 14 spell levels left.
You didn't know any spells.
Your spell library contained the following spells:

 Spells                   Type           Power      Damage    Failure   Level
 Apportation              Tloc           0%         N/A       45%         1
 Necrotise                Necr           0%         1d4       45%         1
 Shock                    Conj/Air       0%         1d3       45%         1
 Summon Small Mammal      Summ           0%         N/A       45%         1


Dungeon Overview and Level Annotations

Branches:
Dungeon (10/15)            Temple (1/1) D:7             Orc (2/2) D:10
    Elf (2/3) Orc:2        Bailey (visited)
   Lair: D:8-11

Altars:
Ashenzari
Cheibriados
Dithmenos
Elyvilon
Gozag
Hepliaklqana
Kikubaaqudgha
Makhleb
Nemelex Xobeh
Okawaru
Qazlal
Sif Muna
Trog
Uskayaw
Wu Jian
Xom
Yredelemnul
Zin
The Shining One

Shops:
D:3 *   D:4 ?   D:5 *   D:10 *   Orc:2 [*(?

Annotations:
Elf:2 1 runed translucent door, Qiokh's ghost, veteran MiBe


Innate Abilities, Weirdness & Mutations

You can breathe wild blasts of lightning.
Your glossy black scales are hard. (AC +9)
You cannot fit into any form of body armour.
Your large and strong wings let you fly.
You are resistant to electric shocks. (rElec)
You are cold-blooded and may be slowed by cold attacks.
You have supernaturally acute eyesight. (SInv)
You are agile. (Dex +4, Str/Int -1)
You possess an exceptional clarity of mind.


Message History

The +2 dire flail of protection completely misses you.
The +2 dire flail of protection hits you!!
The +2 dire flail of protection completely misses you.
You slash the +2 dire flail of protection!
The +2 dire flail of protection is severely damaged.
Your +3 spectral lajatang closely misses the +2 dire flail of protection.
The +2 dire flail of protection hits you!
The deep elf knight mumbles some strange words.
The deep elf knight flickers and vanishes for a moment.
A deep elf zephyrmancer comes into view.
It is wielding a +0 short sword.
You closely miss the +2 dire flail of protection.
The +2 dire flail of protection is severely damaged.
Your +3 spectral lajatang hits the +2 dire flail of protection!!
The +2 dire flail of protection falls from the air.
Trog accepts your kill.
The deep elf knight hits you with a +0 short sword!
You hit the deep elf knight.
The deep elf knight is lightly wounded.
The deep elf knight hits you but does no damage.
You slash the deep elf knight!
The deep elf knight is heavily wounded.
The deep elf knight misses you.
The deep elf zephyrmancer gestures wildly while chanting.
The deep elf zephyrmancer blinks!
You closely miss the deep elf knight. You tail-slap the deep elf knight!
The deep elf knight is heavily wounded.
You open the deep elf knight like a pillowcase!!!
You kill the deep elf knight!
Trog accepts your kill.
Trog appreciates your killing of a magic user.
The deep elf pyromancer points at you and mumbles some strange words.
The bolt of fire hits you!!! The fire burns you terribly!
* * * LOW HITPOINT WARNING * * *
Activating: Breathe Lightning (1% risk of failure)
Press: ? - help, Dir - look around, f - activate You breathe a wild blast of lightning!
The orb of electricity explodes!
You hear a mighty clap of thunder! x2; You hear a shout!
The deep elf pyromancer points at you and mumbles some strange words.
The bolt of fire hits you!!! The fire burns you terribly!
You die...

........#....#........,*,,,,*,,,,
.......#......#...e...*,,,,,,*,,,
#.....#........#.....#,,,,,,,,*,,
.#...#..........#...#,,,,,,,,,,*,
..###.........)..#**,,..,,,,,,,,*
..# #..........e.# *,...,,,,,,,,*
..###.....)......###....,,,,,,,,*
.#...#.)...)...)#...#...,,,,,,,*,
#)....#........#@....#.,,,,,,,*,,
.......#......#.......#,,,,,,*,,,
........#....#.........#,,,,*,,,,
.........#..#...........*,,*,,,,,
..........##............,**,,,,,,
..........##..^.........,**,,,,,,
.........#..#...........*,,*,,,,,
........#....#.........#,,,,*,,,,
.......#.....)#.......#,,,,,,*,,,


You could see a deep elf pyromancer.

Vanquished Creatures
  A storm dragon (Elf:1)
  An iron dragon (Elf:1)
  2 orc warlords
  A deep elf demonologist (Elf:1)
  Nessos (Orc:2)
  A deep elf annihilator (Elf:1)
  A fire dragon (Elf:1)
  2 ettins (Orc:2)
  2 deep elf high priests (Elf:1)
  2 ogre magi (Orc:2)
  7 two-headed ogres
  13 dancing weapons
  7 deep elf knights
  Lodul (D:10)
  2 deep trolls (Orc:2)
  7 deep elf archers
  Pikel (D:5)
  2 orc knights
  The ghost of LustLizard the Cutter, a novice MfGl (D:5)
  3 orc sorcerers (Orc:1)
  12 deep elf zephyrmancers
  A cyclops (Orc:2)
  8 deep elf pyromancers
  4 kobold demonologists (D:9)
  7 trolls
  A hornet (D:9)
  Grinder (D:6)
  Prince Ribbit (D:9)
  3 water elementals
  An air elemental (Elf:1)
  A wraith (D:9)
  4 fire elementals (Elf:1)
  4 vampire mosquitoes (D:10)
  7 wargs
  2 water moccasins
  30 orc warriors
  An ice beast (D:6)
  27 ogres
  3 black bears
  3 lemures (D:5)
  2 centaurs
  A phantom (D:3)
  3 kobold brigands
  5 bullfrogs
  2 gnoll sergeants
  3 necrophages
  An earth elemental (Elf:1)
  A scorpion (D:4)
  8 wights
  5 killer bees (D:8)
  A crimson imp (D:8)
  9 orc priests
  2 jellies
  Crazy Yiuf (D:2)
  2 hounds
  A gnoll bouda (D:7)
  A bullfrog skeleton (D:5)
  An iguana (D:4)
  Ijyb (D:5)
  13 orc wizards
  6 adders
  34 gnolls
  A howler monkey skeleton (D:5)
  A river rat (D:3)
  2 shadow imps
  2 white imps
  An ufetubus (D:7)
  2 worms
  6 dart slugs
  76 orcs
  8 ball pythons
  3 bats
  7 endoplasms
  3 giant cockroaches
  15 goblins
  18 hobgoblins
  4 jackals (D:3)
  17 kobolds
  4 quokkas
  A frilled lizard (D:3)
  4 goblin skeletons (D:8)
  A goblin zombie (D:8)
  2 hobgoblin zombies (D:8)
  A kobold skeleton (D:8)
  A kobold zombie (D:8)
  An orc skeleton (D:8)
  An orc zombie (D:8)
  3 rats
467 creatures vanquished.

Vanquished Creatures (collateral kills)
  A fire dragon (Elf:1)
  Harold (D:10)
  A two-headed ogre (Orc:2)
  A dancing weapon (Elf:1)
  An orc high priest (Orc:2)
  A deep elf knight (Elf:1)
  A fire crab (shapeshifter) (Elf:1)
  2 deep elf archers (Elf:1)
  2 deep elf pyromancers (Elf:1)
  An orc knight (Elf:1)
  A cyclops (Orc:2)
  2 trolls (Orc:2)
  3 orc warriors
  2 ogres (Orc:2)
  A kobold brigand (D:10)
  2 orc priests (Orc:2)
  7 orcs
  3 kobolds (D:10)
33 creatures vanquished.

Vanquished Creatures (others)
  2 water elementals (Elf:1)
  An orc wizard (D:3)
  2 plants (D:1)
5 creatures vanquished.

Grand Total: 505 creatures vanquished

Notes
Turn   | Place    | Note
-------+----------+-------------------------------------------
     0 | D:1      | fortdeath9 the Draconian Berserker began the quest for the
                  | Orb.
     0 | D:1      | Reached XP level 1. HP: 19/19 MP: 1/1
   315 | D:1      | Reached XP level 2. HP: 27/27 MP: 2/2
   924 | D:1      | Found a faded altar of an unknown god.
   938 | D:1      | Got Plato's Vellum of Bolts
  1262 | D:2      | Reached XP level 3. HP: 32/33 MP: 3/3
  1310 | D:2      | Identified the +4 chain mail of Courage {rN+ Dex+3}
  1401 | D:2      | Noticed an ogre
  1409 | D:2      | Killed an ogre
  1410 | D:2      | Reached XP level 4. HP: 41/41 MP: 4/4
  1527 | D:2      | Reached XP level 5. HP: 47/47 MP: 5/5
  1596 | D:2      | Found a glowing silver altar of Zin.
  1628 | D:2      | Reached ** piety under Trog
  1950 | D:2      | Found a runed translucent door.
  1951 | D:2      | Noticed Crazy Yiuf
  2059 | D:2      | Killed Crazy Yiuf
  2186 | D:3      | Found a glowing drain.
  2510 | D:3      | Reached skill level 1 in Stealth
  2608 | D:3      | Found an ornate altar of the Wu Jian Council.
  2707 | D:3      | Noticed a phantom
  2725 | D:3      | Reached skill level 5 in Long Blades
  2733 | D:3      | Killed a phantom
  2734 | D:3      | Reached XP level 6. HP: 40/55 MP: 6/6
  3036 | D:3      | Found Rirat's General Store.
  3068 | D:3      | Bought a scroll of enchant armour for 82 gold pieces
  3068 | D:3      | Bought a scroll of identify for 22 gold pieces
  3068 | D:3      | Bought a scroll of identify for 22 gold pieces
  3221 | D:3      | Found a hazy altar of Hepliaklqana.
  3223 | D:3      | Found a basalt altar of Yredelemnul.
  3227 | D:3      | Found a broken altar of Ashenzari.
  3230 | D:3      | Found an ancient bone altar of Kikubaaqudgha.
  3235 | D:3      | Found a shimmering altar of Xom.
  3560 | D:4      | Reached skill level 1 in Staves
  3562 | D:4      | Reached skill level 5 in Fighting
  3838 | D:4      | Found Xeelu's Magic Scroll Shoppe.
  3858 | D:4      | Reached skill level 2 in Staves
  3858 | D:4      | Your scales start taking on a glossy black colour.
  3858 | D:4      | Reached XP level 7. HP: 40/61 MP: 7/7
  3858 | D:4      | Gained mutation: You are resistant to electric shocks.
                  | (rElec) [Black Draconian growth]
  4155 | D:4      | Bought a scroll of enchant weapon for 105 gold pieces
  4155 | D:4      | Bought a scroll of identify for 28 gold pieces
  4290 | D:4      | Was placed under penance by Trog
  4292 | D:4      | Learned a level 1 spell: Shock
  4415 | D:4      | Found a sparkling altar of Nemelex Xobeh.
  4567 | D:5      | Entered Level 5 of the Dungeon
  4567 | D:5      | Noticed LustLizard's ghost (novice MfGl)
  4567 | D:5      | Noticed Pikel
  4567 | D:5      | Found a transporter.
  4659 | D:5      | Reached skill level 3 in Staves
  4813 | D:5      | Killed Pikel
  4814 | D:5      | Reached skill level 5 in Staves
  4814 | D:5      | Reached skill level 1 in Throwing
  4814 | D:5      | Reached XP level 8. HP: 26/70 MP: 8/8
  4899 | D:5      | Was forgiven by Trog
  5192 | D:5      | Found a transporter.
  5225 | D:5      | Noticed Ijyb
  5230 | D:5      | Killed Ijyb
  5231 | D:5      | Reached skill level 6 in Staves
  5350 | D:5      | Found Rixzereh's Assorted Antiques.
  5502 | D:5      | Killed LustLizard's ghost
  5503 | D:5      | Reached skill level 5 in Dodging
  5505 | D:5      | Reached XP level 9. HP: 75/75 MP: 9/9
  5509 | D:5      | Reached skill level 7 in Staves
  5745 | D:6      | Noticed Grinder
  5782 | D:6      | Killed Grinder
  5828 | D:6      | Reached skill level 8 in Staves
  6337 | D:6      | Reached *** piety under Trog
  6543 | D:7      | Found a staircase to the Ecumenical Temple.
  6788 | D:7      | Gained mutation: Your magical capacity is low. (-10% MP)
                  | [potion of mutation]
  6788 | D:7      | Gained mutation: You are agile. (Dex +4, Str/Int -1)
                  | [potion of mutation]
  7264 | Temple   | Entered the Ecumenical Temple
  7374 | D:7      | Reached skill level 10 in Staves
  7374 | D:7      | Reached XP level 10. HP: 91/91 MP: 9/9
  7784 | D:8      | Found a flagged portal.
  7875 | D:8      | Found a glowing golden altar of the Shining One.
  7881 | D:8      | Reached **** piety under Trog
  8009 | Bailey   | Entered a bailey
  8059 | Bailey   | Reached skill level 11 in Staves
  8135 | Bailey   | Noticed an orc knight
  8164 | Bailey   | Killed an orc knight
  8165 | Bailey   | Reached XP level 11. HP: 36/99 MP: 2/9
  8743 | Bailey   | Noticed an orc warlord
  8771 | Bailey   | Killed an orc warlord
  8772 | Bailey   | Reached skill level 10 in Fighting
  9042 | Bailey   | Reached skill level 12 in Staves
  9042 | Bailey   | Reached XP level 12. HP: 110/110 MP: 10/10
  9278 | D:9      | Noticed Prince Ribbit
  9281 | D:9      | Killed Prince Ribbit
  9489 | D:9      | Reached ***** piety under Trog
  9945 | D:9      | Lost mutation: You are agile. (Dex +4, Str/Int -1) [potion
                  | of mutation]
  9945 | D:9      | Lost mutation: Your magical capacity is low. (-10% MP)
                  | [potion of mutation]
  9945 | D:9      | Gained mutation: Your flesh is cold resistant. (rC+)
                  | [potion of mutation]
  9945 | D:9      | Gained mutation: Your body sometimes deteriorates upon
                  | taking damage. [potion of mutation]
  9945 | D:9      | Gained mutation: You have sharp fingernails. [potion of
                  | mutation]
  9946 | D:9      | Lost mutation: Your flesh is cold resistant. (rC+) [potion
                  | of mutation]
  9946 | D:9      | Lost mutation: Your body sometimes deteriorates upon taking
                  | damage. [potion of mutation]
  9946 | D:9      | Gained mutation: You are agile. (Dex +4, Str/Int -1)
                  | [potion of mutation]
  9946 | D:9      | Gained mutation: You have supernaturally acute eyesight.
                  | (SInv) [potion of mutation]
  9946 | D:9      | Lost mutation: You have sharp fingernails. [potion of
                  | mutation]
  9946 | D:9      | Gained mutation: You possess an exceptional clarity of
                  | mind. [potion of mutation]
 10335 | D:10     | Entered Level 10 of the Dungeon
 10344 | D:10     | Found a staircase to the Orcish Mines.
 10462 | D:10     | Noticed Harold
 10471 | D:10     | Killed Harold
 10472 | D:10     | Reached skill level 13 in Staves
 10605 | D:10     | Noticed Lodul
 10619 | D:10     | Killed Lodul
 10868 | D:10     | Identified a scroll of acquirement
 10869 | D:10     | Acquired a +3 spectral lajatang
 10963 | D:10     | Noticed a two-headed ogre
 10971 | D:10     | Killed a two-headed ogre
 10975 | D:10     | Found Hatreeri's Changing Room.
 11025 | D:10     | Bought 2 potions of lignification for 66 gold pieces
 11025 | D:10     | Bought a potion of lignification for 33 gold pieces
 11172 | Orc:1    | Entered Level 1 of the Orcish Mines
 11206 | Orc:1    | Reached skill level 10 in Dodging
 11459 | Orc:1    | Reached XP level 13. HP: 106/118 MP: 11/13
 11594 | Orc:2    | Entered Level 2 of the Orcish Mines
 11594 | Orc:2    | Noticed Nessos
 11594 | Orc:2    | Noticed an ettin
 11597 | Orc:2    | Killed Nessos
 11600 | Orc:2    | Killed an ettin
 11618 | Orc:2    | Found a staircase to the Elven Halls.
 11687 | Orc:2    | Noticed an orc warlord
 11699 | Orc:2    | Killed an orc warlord
 11780 | Orc:2    | Found Caheaff's Antique Armour Shop.
 11807 | Orc:2    | Reached skill level 14 in Staves
 11860 | Orc:2    | HP: 3/119 [two-headed ogre/+0 giant club (27)]
 11924 | Orc:2    | Noticed an ettin
 12172 | Orc:2    | Killed an ettin
 12295 | Orc:2    | Found Vogol's General Store.
 12442 | Orc:2    | Found Febiuh's Antique Weapon Emporium.
 12448 | Orc:2    | Found Saaw's Magic Scroll Boutique.
 12473 | Orc:2    | Reached skill level 15 in Staves
 12473 | Orc:2    | Bought a scroll of enchant armour for 105 gold pieces
 12473 | Orc:2    | Bought a scroll of enchant armour for 105 gold pieces
 12473 | Orc:2    | Bought a scroll of silence for 133 gold pieces
 12487 | Orc:2    | Bought a potion of curing for 39 gold pieces
 12487 | Orc:2    | Bought a scroll of teleportation for 39 gold pieces
 12487 | Orc:2    | Bought a potion of curing for 39 gold pieces
 12818 | Elf:1    | Entered Level 1 of the Elven Halls
 12822 | Elf:1    | Paralysed by an air elemental for 1 turns
 13309 | Elf:1    | Gained mutation: Your large and strong wings let you fly.
                  | [Black Draconian growth]
 13309 | Elf:1    | Reached XP level 14. HP: 129/129 MP: 14/14
 13373 | Elf:1    | Received a gift from Trog
 13869 | Elf:1    | HP: 6/130 [deep elf knight/+0 long sword (12)]
 13873 | Elf:1    | HP: 1/130 [air elemental collision (10)]
 14277 | Elf:1    | Noticed an Executioner
 14588 | Elf:1    | Found a runed translucent gate.
 14588 | Elf:1    | Found a runed translucent gate.
 14588 | Elf:1    | Found a runed translucent gate.
 14588 | Elf:1    | Found a runed translucent gate.
 14588 | Elf:1    | Found a runed translucent gate.
 14589 | Elf:1    | Noticed an iron dragon
 14589 | Elf:1    | Noticed a storm dragon
 14590 | Elf:1    | Found a runed translucent gate.
 15060 | Elf:1    | Reached skill level 16 in Staves
 15287 | Elf:1    | Killed a storm dragon
 15587 | Elf:1    | Killed an iron dragon
 15834 | Elf:2    | Found a runed translucent door.
 15834 | Elf:2    | Noticed Qiokh's ghost (veteran MiBe)
 16430 | Elf:2    | Found a runed translucent gate.
 16430 | Elf:2    | Found a runed translucent gate.
 16431 | Elf:2    | Found a runed translucent gate.
 16455 | Elf:2    | HP: 5/133 [spore (10)]
 16455 | Elf:2    | HP: 2/133 [deep elf knight/+0 short sword (3)]
 16460 | Elf:2    | HP: 6/133 [poisoned by a +0 glaive of venom]
 16465 | Elf:2    | HP: 3/133 [poisoned by a +0 glaive of venom]
 16481 | Elf:2    | Reached skill level 15 in Fighting
 16940 | Elf:2    | Reached XP level 15. HP: 89/141 MP: 11/15
 17300 | Elf:2    | Killed from afar by a deep elf pyromancer

Illustrated notes

Levels and vault maps discovered:
D:1:      minmay_arrival_wavy_path, layout_basic,
          shapermc_ecumenical_altar_rom_forum
D:2:      layout_loops_ring, basic_altar, uniq_crazy_yiuf_cottage
D:3:      layout_basic, mainiacjoe_overflow_concentric_impassable, minitemple,
          cheibrodos_sewer_entry_sluice, serial_shops, nicolae_shop_stone,
          minmay_divided_ellipse
D:4:      layout_loops_ring, lemuel_tele_altar, serial_shops, shop,
          nicolae_hexahallways, kennysheep_generic_room_12
D:5:      layout_cave_pools, gammafunk_ghost_mausoleum, nicolae_take_the_stairs,
          minmay_strange_pillars, uniq_ijyb, uniq_pikel
D:6:      layout_rooms, uniq_grinder
D:7:      layout_loops_cross, minmay_temple_entry_proselytizer
D:8:      layout_cave_pools, nicolae_tso_besieged_by_evil, enter_bailey_2
D:9:      layout_loops_corners, uniq_prince_ribbit1
D:10:     layout_irregular_city, david_orc_2, nicolae_transmutations_shop,
          uniq_harold, uniq_lodul
Temple:   nicolae_temple_bog_church
Orc:1:    layout_diamond_mine
Orc:2:    st_orc_open, layout_caves, basic_altar, nooodl_orcs_dogs, uniq_nessos
Elf:1:    layout_geoelf_octagon, orc_legates, corexii_hall_statues_s,
          minivault_5, amethyst_killhole, st_stairs_12
Elf:2:    nicolae_elf_blades_splatter_lattice
          [nicolae_blade_entry_diamond_columns], layout_rooms,
          gammafunk_ghost_grave

Skill      XL: |  1  2  3  4  5  6  7  8  9 10 11 12 13 14 |
---------------+-------------------------------------------+-----
Dodging        | 3 4 5 8 9 10 11 12 | 12.1
Fighting       | 4 5 6 9 11 12 13 15 | 15.1
Long Blades    | 4 5 |  5.5
Stealth        | 1 2 3 4 6 7 9 |  9.3
Staves         | 2 5 6 10 11 12 13 15 16 | 16.6
Throwing       | 1 2 |  2.9

Action                   |  1- 3 |  4- 6 |  7- 9 | 10-12 | 13-15 || total
-------------------------+-------+-------+-------+-------+-------++-------
Melee: Falchion          |    76 |   132 |       |       |       ||   208
       Tailslap          |    10 |    17 |    35 |    76 |    64 ||   202
       Punch             |     1 |       |       |       |       ||     1
       Quarterstaff      |       |    52 |   221 |   383 |       ||   656
       Lajatang          |       |       |       |    36 |   370 ||   406
Throw: Stone             |       |     3 |    28 |     8 |    13 ||    52
Invok: Berserk           |     1 |     3 |     4 |     5 |     7 ||    20
       Brothers in Arms  |       |       |       |     1 |     4 ||     5
 Abil: Breathe Lightning |       |       |     4 |     3 |     2 ||     9
  Use: Potion            |     1 |     3 |     2 |     4 |    15 ||    25
       Scroll            |     3 |     3 |    18 |     6 |     9 ||    39
 Stab: Sleeping          |     1 |     9 |     3 |     3 |     8 ||    24
       Distracted        |       |     1 |       |     2 |     5 ||     8
Armor: Skin              |    15 |    70 |    82 |   105 |   104 ||   376
Dodge: Dodged            |    43 |   111 |   124 |   309 |   247 ||   834
